 Dungeon Crawl Stone Soup version 0.17-a0-1446-gc28613e (webtiles) character file.

20974 patman the Fighter (level 12, 0/113 HPs)
             Began as a Ghoul Berserker on June 28, 2015.
             Was a High Priest of Trog.
             Slain by an orc warrior
             ... wielding a +0 hand axe
              (11 damage)
             ... on level 4 of the Orcish Mines.
             The game lasted 00:46:29 (11564 turns).

patman the Fighter (Ghoul Berserker)               Turns: 11564, Time: 00:46:29

Health: 0/113      AC: 13    Str: 21    XL:     12   Next: 85%
Magic:  11/11      EV: 11    Int:  6    God:    Trog [*****.]
Gold:   1597       SH:  0    Dex:  9    Spells: 0 memorised, 11 levels left

rFire  + + .     SeeInvis .     a - +3 demon whip (drain)
rCold  . . .     Clarity  .     g - +2 ring mail {rF+}
rNeg   + + +     SustAt   .     (no shield)
rPois  ∞         Gourm    .     p - +0 helmet
rElec  .         Spirit   .     J - +0 cloak
rCorr  .         Warding  .     u - +0 pair of gloves
rMut   .         Stasis   .     (no boots)
MR     .....                    (no amulet)
Stlth  ++........               T - ring of fire
                                D - ring of stealth

@: about to teleport, rotting, not resistant to hostile enchantments, unstealthy
A: rotting body, claws 1, carnivore 3, cold resistance 1, negative energy
resistance 3, slow healing 1, torment resistance, unbreathing
a: Burn Spellbooks, Trog's Hand, Brothers in Arms, Renounce Religion


You were on level 4 of the Orcish Mines.
You worshipped Trog.
Trog was extremely pleased with you.
You were not hungry.

You visited 2 branches of the dungeon, and saw 16 of its levels.
You also visited: Ossuary.

You collected 1957 gold pieces.
You spent 360 gold pieces at shops.

Inventory:

Hand weapons
 a - a +3 demon whip of draining (weapon)
 b - a +2 flail of protection
 e - a +0 dire flail
 v - a +0 blowgun
 y - a +0 mace
 Z - a +7 antimagic great mace
Missiles
 d - 3 throwing nets (quivered)
 x - 42 poisoned needles
 H - 6 javelins of returning
Armour
 g - a +2 ring mail of fire resistance (worn)
 p - a +0 helmet (worn)
 r - a +0 plate armour
 u - a +0 pair of gloves (worn)
 F - a +2 plate armour of cold resistance
 J - a +0 cloak (worn)
Jewellery
 w - an uncursed ring of ice
 D - a ring of stealth (left hand)
 K - an uncursed ring of ice
 R - an uncursed ring of teleportation
 T - a ring of fire (right hand)
Magical devices
 L - a wand of fireball (7)
 M - a wand of flame (27)
 Q - a wand of slowing (15)
Scrolls
 f - 4 scrolls of remove curse
 h - a scroll of recharging
 i - 2 scrolls of enchant armour
 k - 2 scrolls of torment
 m - 2 scrolls of teleportation
 q - a scroll of magic mapping
 B - a scroll of amnesia
 N - 4 scrolls of fear
 O - a scroll of blinking {unknown}
 P - 2 scrolls of identify
Potions
 j - 6 potions of curing
 n - 5 potions of poison
 o - a potion of haste
 s - a potion of cure mutation
 t - a potion of brilliance
 C - a potion of degeneration
 E - 2 potions of flight
 G - a potion of agility
 I - a potion of magic {unknown}
 V - a potion of lignification {unknown}
Books
 U - a Grand Grimoire

   Spells                             Type                      Level
   a - Monstrous Menagerie            Summoning                    6
   b - Summon Greater Demon           Summoning                    7
   c - Malign Gateway                 Summoning/Translocation      7
   d - Summon Horrible Things         Summoning                    8
   Trog disapproves of the use of such an item.
 W - a book of Air

   Spells                             Type                      Level
   a - Shock                          Conjuration/Air              1
   b - Swiftness                      Charms/Air                   2
   c - Repel Missiles                 Charms/Air                   2
   d - Static Discharge               Conjuration/Air              3
   e - Lightning Bolt                 Conjuration/Air              5
   Trog disapproves of the use of such an item.
 X - a book of Fire

   Spells                             Type                      Level
   a - Ignite Poison                  Fire/Transmutation/Poison    3
   b - Fireball                       Conjuration/Fire             5
   c - Bolt of Fire                   Conjuration/Fire             6
   d - Delayed Fireball               Conjuration/Fire             7
   e - Ring of Flames                 Charms/Fire                  7
   Trog disapproves of the use of such an item.
Comestibles
 c - 3 meat rations
 l - a royal jelly
 z - 5 beef jerkies
 A - 3 chunks of flesh
 S - 2 slices of pizza


   Skills:
 - Level 12.8 Fighting
 * Level 12.1 Maces & Flails
 - Level 10.8 Armour
 - Level 1.7 Dodging


You had 11 spell levels left.
You didn't know any spells.

Dungeon Overview and Level Annotations

Branches:
Dungeon (12/15)            Temple (0/1) D:4            Lair (0/8) D:8
    Orc (4/4) D:12            Elf (0/3) Orc:4

Altars:
Nemelex Xobeh
Ru
Xom
Zin
Beogh

Shops:
D:4 :   D:5 (   D:11 *%   Orc:4 (

Portals:
Trove: D:11 (give 7 potions of haste)

Annotations:
D:2 Sigmund


Innate Abilities, Weirdness & Mutations

Your body is rotting away.
You thrive on raw meat.
You are immune to poison.
You have sharp fingernails.
You are carnivorous and can eat meat at any time.
Your flesh is cold resistant.
You are immune to negative energy.
You heal slowly when monsters are visible.
You are immune to unholy pain and torment.
You can survive without breathing.


Message History

The sun demon hits you!
You are engulfed in flames.
You resist.
* * * LOW HITPOINT WARNING * * *
The blue devil hits you!
* * * LOW HITPOINT WARNING * * *
Unknown command.
You barely miss the orc high priest.
The orc high priest is severely wounded.
The orc high priest hits you but does no damage.
The sun demon closely misses you.
Unknown command.
Drink which item? (? for menu, Esc to quit)
Okay, then.
Unknown command.
Read which item? (? for menu, Esc to quit)
As you read the scroll of teleportation, it crumbles to dust.
You feel strangely unstable. The blue devil hits you.
* * * LOW HITPOINT WARNING * * *
The sun demon barely misses you. The orc high priest closely misses you.
The orc warrior hits you with a hand axe!
You die...

#.)).)........# #((..
#.)..#...#....# ##(...
#.............# #.....
#(...#...#....######.))..
##...........# #.##..)...
#...#...#...# #..#(...#.
##.....)...# #.........
#..#.oo#..# ##)##<....
##...3@..## ####.....
#####.4.########.##.....
###.......))....#.).##.##.
##.#...#...)(..#.#))..###..
##...)).....[)()..#)#.###...
##.#.....)..).........## #...
#...........).##..[[.######..
##..............)....#.#.....
###.#)..........)#..........


You could see an orc high priest, a sun demon, a blue devil and an orc warrior.

Vanquished Creatures
  2 hydras (D:11)
  The ghost of ztt the Protected, an experienced MiFi of Okawaru (D:9)
  An orc knight (Orc:4)
  A manticore (D:11)
  2 centaur zombies
  Maurice (Orc:2)
  4 trolls
  Grinder (D:5)
  Prince Ribbit (D:7)
  12 yaks
  A wraith (D:10)
  Grum (D:9)
  A hungry ghost (D:9)
  A mottled dragon (D:11)
  A wyvern (D:12)
  A hippogriff (D:11)
  A warg (Orc:1)
  Menkaure (D:6)
  4 wolves (D:9)
  2 water moccasins
  2 ice beasts
  2 sky beasts
  4 black bears
  16 orc warriors
  An eye of draining (D:9)
  2 phantoms
  2 wasps
  5 centaurs
  A necrophage (D:12)
  A big kobold (D:11)
  9 ogres
  An elf zombie (Ossuary)
  3 giant frogs
  5 scorpions
  19 killer bees
  2 jellies
  4 crimson imps
  A human zombie (Ossuary)
  4 iguanas
  Ijyb (D:2)
  2 centaur skeletons
  2 hounds
  36 orc priests
  A giant frog skeleton (D:12)
  Jessica (D:3)
  23 orc wizards
  9 worker ants
  A big kobold zombie (Ossuary)
  2 hound skeletons
  A hound zombie (D:10)
  4 mummies (Ossuary)
  Robin (D:1)
  7 gnolls
  10 adders
  4 shadow imps
  2 oozes
  4 adder zombies
  3 adder skeletons
  133 orcs
  A ball python (D:2)
  14 bats
  2 bat skeletons
  4 giant cockroaches
  18 goblins
  25 hobgoblins
  14 jackals
  4 quokkas
  A giant cockroach zombie (D:5)
  5 giant geckos
  A giant gecko zombie (D:6)
  4 giant newts
  A gnoll zombie (Ossuary)
  2 hobgoblin zombies (Ossuary)
  18 kobolds
  A kobold zombie (Ossuary)
  An orc zombie (Ossuary)
  17 rats
  A rat zombie (Ossuary)
  A fungus (D:12)
506 creatures vanquished.

Vanquished Creatures (collateral kills)
  Rupert (Orc:2)
  3 orc high priests (Orc:4)
  3 orc knights (Orc:4)
  An orc sorcerer (Orc:4)
  8 orc warriors (Orc:4)
  5 orc priests (Orc:4)
  2 orc wizards (Orc:2)
  7 orcs (Orc:2)
  2 goblins
32 creatures vanquished.

Vanquished Creatures (others)
  2 orcs
  A fungus (D:12)
3 creatures vanquished.

Grand Total: 541 creatures vanquished

Notes
Turn   | Place    | Note
--------------------------------------------------------------
     0 | D:1      | patman the Ghoul Berserker began the quest for the Orb.
     0 | D:1      | Reached XP level 1. HP: 19/19 MP: 0/0
   111 | D:1      | Reached XP level 2. HP: 16/26 MP: 1/1
   179 | D:2      | Noticed Ijyb
   219 | D:2      | Killed Ijyb
   219 | D:2      | Reached skill level 4 in Maces & Flails
   219 | D:2      | Reached XP level 3. HP: 6/30 MP: 2/2
   228 | D:2      | HP: 1/30 [jackal (3)]
   272 | D:2      | Acquired Trog's second power
   359 | D:2      | Noticed Sigmund
   436 | D:1      | Reached XP level 4. HP: 34/38 MP: 3/3
   698 | D:2      | Found a shimmering altar of Xom.
   711 | D:2      | Noticed Robin
   820 | D:1      | Killed Robin
  1309 | D:3      | Noticed Jessica
  1316 | D:3      | Killed Jessica
  1316 | D:3      | Reached skill level 5 in Maces & Flails
  1316 | D:3      | Reached XP level 5. HP: 45/45 MP: 4/4
  1345 | D:4      | Found a glowing silver altar of Zin.
  1453 | D:4      | Found a staircase to the Ecumenical Temple.
  1502 | D:4      | Got a steaming dagger
  1526 | D:4      | Found a sparkling altar of Nemelex Xobeh.
  1581 | D:4      | Reached XP level 6. HP: 46/51 MP: 5/5
  1585 | D:4      | Found a sacrificial altar of Ru.
  1601 | D:4      | Found Giocoerihe's Book Shoppe.
  1650 | D:4      | Reached skill level 6 in Maces & Flails
  1665 | D:4      | Noticed a phantom
  1697 | D:4      | Killed a phantom
  1739 | D:4      | Found a sand-covered staircase.
  1779 | Ossuary  | Entered an ossuary
  1896 | Ossuary  | Reached skill level 7 in Maces & Flails
  1896 | Ossuary  | Reached XP level 7. HP: 8/57 MP: 6/6
  2702 | D:5      | Entered Level 5 of the Dungeon
  2879 | D:5      | Noticed Grinder
  2885 | D:5      | Paralysed by Grinder for 7 turns
  2925 | D:5      | Paralysed by Grinder for 3 turns
  2938 | D:5      | Paralysed by Grinder for 2 turns
  2946 | D:5      | Killed Grinder
  2946 | D:5      | Reached skill level 8 in Maces & Flails
  3098 | D:5      | Reached XP level 8. HP: 43/63 MP: 7/7
  3180 | D:5      | Found Anixem's Antique Weapon Boutique.
  3249 | D:6      | Reached skill level 9 in Maces & Flails
  3619 | D:6      | Noticed Menkaure
  3630 | D:6      | Killed Menkaure
  3735 | D:6      | Reached skill level 10 in Maces & Flails
  3949 | D:6      | Reached XP level 9. HP: 67/71 MP: 8/8
  4442 | D:5      | Bought a runed demon whip for 360 gold pieces
  4548 | D:7      | Reached skill level 5 in Fighting
  4849 | D:7      | Acquired Trog's third power
  4916 | D:7      | Received a gift from Trog
  5190 | D:7      | Noticed Prince Ribbit
  5207 | D:7      | Killed Prince Ribbit
  5207 | D:7      | Reached skill level 5 in Armour
  5463 | D:8      | Found a staircase to the Lair.
  5847 | D:9      | Noticed a centaur zombie
  5861 | D:9      | Killed a centaur zombie
  5861 | D:9      | Reached XP level 10. HP: 73/88 MP: 9/9
  6104 | D:9      | Noticed ztt's ghost (experienced MiFi)
  6181 | D:9      | Killed ztt's ghost
  6214 | D:9      | Noticed Grum
  6267 | D:9      | Killed Grum
  6337 | D:9      | Reached skill level 10 in Fighting
  6583 | D:9      | Reached XP level 11. HP: 73/100 MP: 10/10
  6589 | D:9      | Received a gift from Trog
  6826 | D:10     | Entered Level 10 of the Dungeon
  7324 | D:11     | Noticed a six-headed hydra
  7453 | D:11     | Found Nubuklig's Food Shoppe.
  7472 | D:11     | Killed a six-headed hydra
  7472 | D:11     | Reached skill level 11 in Fighting
  7548 | D:11     | Found Viyk's General Store.
  7780 | D:11     | Noticed a four-headed hydra
  7783 | D:11     | Found a portal to a secret trove of treasure.
  7803 | D:11     | Killed a four-headed hydra
  8040 | D:11     | Reached skill level 10 in Armour
  8055 | D:11     | Reached skill level 12 in Fighting
  8096 | D:11     | Found Jumiq's Antique Weapon Emporium.
  8766 | D:12     | Reached XP level 12. HP: 93/113 MP: 11/11
  8797 | D:12     | Found a staircase to the Orcish Mines.
  8875 | D:12     | Found a roughly hewn altar of Beogh.
  8915 | Orc:1    | Entered Level 1 of the Orcish Mines
  8972 | Orc:1    | Received a gift from Trog
  9171 | Orc:3    | Noticed Maurice
  9197 | Orc:2    | Killed Maurice
  9536 | Orc:3    | Received a gift from Trog
  9976 | Orc:2    | Noticed Rupert
  9993 | Orc:2    | Killed Rupert
 10498 | Orc:4    | Entered Level 4 of the Orcish Mines
 10612 | Orc:4    | Found Leni's Weapon Shoppe.
 10629 | Orc:4    | Found a staircase to the Elven Halls.
 10860 | Orc:4    | Found a roughly hewn altar of Beogh.
 11049 | Orc:4    | Received a gift from Trog
 11339 | Orc:4    | Noticed an orc high priest
 11349 | Orc:4    | Killed an orc high priest
 11362 | Orc:4    | Noticed an orc high priest
 11364 | Orc:4    | Noticed an orc high priest
 11368 | Orc:4    | Killed an orc high priest
 11373 | Orc:4    | Killed an orc high priest
 11548 | Orc:4    | Noticed an orc high priest
 11564 | Orc:4    | Slain by an orc warrior

Vault maps used:
D:1:      minmay_arrival_cross
D:2:      minmay_door_path, nicolae_overflow_crystal_walls, first_bread,
          uniq_natasha, uniq_robin, uniq_iyjb, uniq_sigmund
D:3:      lemuel_coloured_pillars_altar, ecumenical_altar_1, uniq_jessica
D:4:      lemuel_doored_altar, grunt_temple_overflow_open, temple_statues,
          enter_ossuary_1, serial_shops, shop
D:5:      serial_shops, shop, uniq_grinder
D:6:      uniq_menkaure
D:7:      uniq_prince_ribbit1
D:8:      lair_0_dummy
D:9:      uniq_grum
D:11:     nicolae_trove_entry_crystal, serial_shops, shop, shop,
          nicolae_shop_temple_entry_statues_fountains
D:12:     old_forge, minmay_orc_entry_temple_small
Orc:1:    library_closet
Orc:2:    uniq_rupert
Orc:3:    nicolae_orc_pool_cavern, statue_in_the_mist_lemuel, uniq_maurice
Orc:4:    st_orc_pillars, basic_altar, serial_shops, shop
Ossuary:  ossuary_minmay_tomb_2a

Action                   |  1- 3 |  4- 6 |  7- 9 | 10-12 || total
-------------------------+-------+-------+-------+-------++-------
Melee: Mace              |   124 |   320 |    68 |       ||   512
       Flail             |       |       |   270 |       ||   270
       Demon whip        |       |       |   208 |  1154 ||  1362
Throw: Throwing net      |       |       |     1 |     1 ||     2
Invok: Trog's Hand       |       |     1 |     3 |     5 ||     9
       Brothers in Arms  |       |       |       |     5 ||     5
Evoke: Wand              |       |       |       |     2 ||     2
  Use: Scroll            |     1 |     1 |    12 |     8 ||    22
       Potion            |       |     2 |     2 |     2 ||     6
 Stab: Sleeping          |       |       |     2 |     2 ||     4
       Distracted        |       |       |     1 |       ||     1
  Eat: Chunk             |     6 |    12 |    25 |   149 ||   192
